 Dungeon Crawl Stone Soup version 0.19-a0-1051-gdb7e7f8 (webtiles) character file.

231 Jmtri7 the Covered (level 5, 0/46 HPs)
             Began as a Deep Dwarf Monk on Aug 2, 2016.
             Killed by nerve-wracking pain
             ... invoked by Grinder
              (11 damage)
             ... on level 3 of the Dungeon.
             The game lasted 00:10:26 (2052 turns).

Jmtri7 the Covered (Deep Dwarf Monk)                Turns: 2052, Time: 00:10:27

Health: 0/46       AC:  9    Str: 16    XL:     5   Next: 73%
Magic:  5/5        EV:  9    Int: 10    God:
Gold:   67         SH:  0    Dex: 15    Spells: 0 memorised, 4 levels left

rFire  . . .     SeeInvis .     a - +0 hand axe
rCold  . . .     Gourm    .     p - +0 chain mail
rNeg   . . .     Faith    .     (no shield)
rPois  .         Spirit   .     (no helmet)
rElec  .         Dismiss  .     (no cloak)
rCorr  .         Reflect  .     (no gloves)
SustAt .         Harm     .     (no boots)
MR     .....                    (no amulet)
Stlth  ..........               (no ring)
                                (no ring)

@: non-regenerating, not resistant to hostile enchantments, extremely unstealthy
A: damage resistance, recharge devices, sense surroundings 1, slow regeneration
3
a: Device Recharging


You were on level 3 of the Dungeon.
You were not hungry.

You visited 1 branch of the dungeon, and saw 3 of its levels.

You collected 67 gold pieces.

Inventory:

Hand Weapons
 a - a +0 hand axe (weapon)
Armour
 p - a +0 chain mail (worn)
Jewellery
 e - an uncursed amulet of guardian spirit
Wands
 c - a wand of heal wounds (0/9)
Scrolls
 g - 3 scrolls of remove curse {unknown}
 i - a scroll of magic mapping {unknown}
 j - 3 scrolls of identify {unknown}
 k - 3 scrolls of fog {unknown}
 l - a scroll of amnesia {unknown}
 n - a scroll of immolation {unknown}
 o - a scroll of enchant weapon {unknown}
 q - a scroll of fear {unknown}
Potions
 b - a potion of curing {unknown}
 m - a potion of degeneration {unknown}
 r - a potion of invisibility {unknown}
Comestibles
 d - 3 bread rations
 f - 15 chunks of flesh
 h - a beef jerky


   Skills:
 - Level 2.6 Fighting
 - Level 3.2 Axes
 + Level 5.1 Armour
 + Level 4.7 Dodging
 - Level 2.4 Stealth


You had 4 spell levels left.
You didn't know any spells.

Dungeon Overview and Level Annotations

Branches:
Dungeon (3/15)

Altars:
Trog

Annotations:
D:3 Grinder


Innate Abilities, Weirdness & Mutations

You are resistant to damage.
You can recharge devices by infusing magical energy.
You passively map a small area around you.
You do not regenerate naturally.


Message History

You closely miss Grinder.
Grinder is heavily wounded.
Grinder gestures at you. Pain shoots through your body!
You hit Grinder.
Grinder is heavily wounded.
Grinder hits you.
* * * LOW HITPOINT WARNING * * *
You writhe in agony. x2
You hit Grinder.
Grinder is severely wounded.
Grinder hits you but does no damage.
You hit Grinder.
Grinder is severely wounded.
Grinder closely misses you.
You hit Grinder but do no damage.
Grinder is severely wounded.
Grinder gestures at you. Pain shoots through your body!
You die...

#........# #.# ##.<......###.#
#####........÷(##.#
>.....#......#).#.####
#######.#............#### ...
#.###.............# ..# #.#
##.........##..# ##..# #######.#
#....5....# ..##... ..##....#
#....@....# .....** .....####
##....[....# *#..# ..####
#..##..##########..## ..#
#.###..# ###....)).#
..#############..####...###.#..#
......##...##............##.##.##
..#..##..≈≈(###......###.........
..#..##≈≈≈..###...#### ####.#####
.(((((((.[._###...####### #.#


You could see Grinder.

Vanquished Creatures
  An orc priest (D:2)
  Jessica (D:3)
  4 gnolls
  3 adders
  3 oozes
  A worm (D:2)
  4 dart slugs
  A giant gecko (D:1)
  7 orcs
  4 giant cockroaches
  3 goblins
  8 hobgoblins
  9 jackals
  4 quokkas
  8 bats
  4 giant newts
  8 kobolds
  10 rats
83 creatures vanquished.

Notes
Turn   | Place    | Note
-------+----------+-------------------------------------------
     0 | D:1      | Jmtri7 the Deep Dwarf Monk began the quest for the Orb.
     0 | D:1      | Reached XP level 1. HP: 20/20 MP: 1/1
    77 | D:1      | Reached skill level 1 in Armour
   115 | D:1      | Reached XP level 2. HP: 20/27 MP: 0/2
   116 | D:1      | Reached skill level 2 in Armour
   632 | D:1      | Reached skill level 3 in Armour
   632 | D:1      | Reached XP level 3. HP: 18/33 MP: 3/3
  1203 | D:2      | Reached skill level 4 in Armour
  1207 | D:2      | Reached XP level 4. HP: 35/40 MP: 4/4
  1729 | D:2      | Reached XP level 5. HP: 32/46 MP: 5/5
  1748 | D:3      | Found a bloodstained altar of Trog.
  1945 | D:3      | Reached skill level 5 in Armour
  1988 | D:3      | Noticed Jessica
  1989 | D:3      | Noticed Grinder
  2040 | D:3      | Killed Jessica
  2052 | D:3      | Killed from afar by Grinder

Vault maps used:
D:1:      wheals_arrival_linesprint
D:3:      trog_hazing_becter, uniq_grinder, uniq_jessica

Skill      XL: |  1  2  3  4  5 |
---------------+----------------+-----
Armour         | 1 3 4 5 |  5.1
Dodging        | 4 |  4.7
Fighting       | |  2.6
Axes           | |  3.2
Stealth        | |  2.4

Action                   |  1- 3 |  4- 6 || total
-------------------------+-------+-------++-------
Melee: Hand axe          |   130 |   207 ||   337
Evoke: Wand              |     2 |     3 ||     5
 Stab: Sleeping          |     6 |       ||     6
  Eat: Chunk             |     1 |     3 ||     4
Armor: Robe              |    27 |    13 ||    40
       Ring mail         |       |    19 ||    19
       Chain mail        |       |    86 ||    86
Dodge: Dodged            |   107 |   155 ||   262
